[ AOE2 MATCH · #470535666 ]
Team RMArmenians vs Saracens
[ REPLAY ANALYSIS · EXTRACTED FROM THE RECORDED GAME ]
Feudal
11:02
Castle
18:53
Imperial
41:00
| APM avg | 30.6 |
| APM peak | 71 |
| eAPM avg | 21.2 |
| Villagers / military | 122 / 1409 |
Focus
⚔️ 65.6% · 🌾 34.4%
Composite Bowman ×529 · Scout Cavalry ×215 · Warrior Priest ×139 · Spearman ×133 · Militia ×110 · Mangonel ×95
Feudal
11:51
Castle
23:51
Imperial
44:25
| APM avg | 17.2 |
| APM peak | 75 |
| eAPM avg | 11.3 |
| Villagers / military | 77 / 679 |
Focus
⚔️ 59.0% · 🌾 41.0%
Scout Cavalry ×279 · Camel Scout ×200 · Mameluke ×183 · Archer ×12 · Trade Cart ×12 · Knight ×2
Feudal
10:56
Castle
18:10
Imperial
—
| APM avg | 3.1 |
| APM peak | 32 |
| eAPM avg | 2.5 |
| Villagers / military | 67 / 20 |
Focus
⚔️ 12.7% · 🌾 87.3%
Spearman ×9 · Skirmisher ×5 · Fishing Ship ×5 · Scout Cavalry ×4 · Demolition Raft ×2
Feudal
10:06
Castle
20:40
Imperial
37:26
| APM avg | 14.9 |
| APM peak | 56 |
| eAPM avg | 8.7 |
| Villagers / military | 141 / 1079 |
Focus
⚔️ 44.0% · 🌾 56.0%
Scout Cavalry ×878 · Scorpion ×194 · Trade Cart ×12 · Trebuchet (Packed) ×6 · Fishing Ship ×2 · Monk ×1
Feudal
—
Castle
—
Imperial
—
| APM avg | 21.2 |
| APM peak | 64 |
| eAPM avg | 16.3 |
| Villagers / military | 167 / 1180 |
Focus
⚔️ 62.5% · 🌾 37.5%
Skirmisher ×681 · Hussite Wagon ×212 · Hand Cannoneer ×184 · Militia ×91 · Fishing Ship ×17 · Bombard Cannon ×11
Feudal
11:14
Castle
21:31
Imperial
40:48
| APM avg | 18.8 |
| APM peak | 131 |
| eAPM avg | 12.4 |
| Villagers / military | 109 / 541 |
Focus
⚔️ 49.9% · 🌾 50.1%
Spearman ×257 · Knight ×139 · Organ Gun ×104 · Trade Cart ×28 · Bombard Cannon ×18 · Trebuchet (Packed) ×14
Feudal
—
Castle
—
Imperial
—
| APM avg | 19.5 |
| APM peak | 229 |
| eAPM avg | 18.2 |
| Villagers / military | 109 / 590 |
Focus
⚔️ 15.8% · 🌾 84.2%
Bombard Cannon ×189 · Conquistador ×147 · Militia ×146 · Cannon Galleon ×98 · Trade Cart ×54 · Battering Ram ×8
Feudal
12:27
Castle
24:05
Imperial
36:06
| APM avg | 36.1 |
| APM peak | 103 |
| eAPM avg | 25.4 |
| Villagers / military | 273 / 1030 |
Focus
⚔️ 36.5% · 🌾 63.5%
Skirmisher ×801 · Spearman ×75 · Scorpion ×61 · Hand Cannoneer ×30 · Bombard Cannon ×19 · Cataphract ×11
Match map
Initial resources + every placement click. Lines = walls · curves = elevation contours. ◆ gold · ⬟ stone · ● berries · ✦ relic · ◌ wall gap
Inputs per minute
— The Notorious N.I.C - - titobr6
Build order — The Notorious N.I.C
First 150 of 1862 actions detected
| 0:07 | Create | Villager (Male) |
| 0:07 | Create | Villager (Male) |
| 0:09 | Build | House |
| 0:12 | Build | House |
| 0:47 | Build | House |
| 0:52 | Create | Villager (Male) |
| 0:52 | Create | Villager (Male) |
| 0:52 | Create | Villager (Male) |
| 1:28 | Build | House |
| 1:32 | Create | Villager (Male) |
| 2:05 | Create | Villager (Male) |
| 2:35 | Create | Villager (Male) |
| 2:58 | Create | Villager (Male) |
| 2:58 | Create | Villager (Male) |
| 3:14 | Create | Villager (Male) |
| 3:54 | Create | Villager (Male) |
| 3:54 | Create | Villager (Male) |
| 3:54 | Create | Villager (Male) |
| 4:08 | Create | Villager (Male) |
| 4:29 | Create | Villager (Male) |
| 4:29 | Create | Villager (Male) |
| 4:52 | Create | Villager (Male) |
| 4:53 | Create | Villager (Male) |
| 5:31 | Create | Villager (Male) |
| 6:07 | Build | Mule Cart |
| 6:51 | Create | Villager (Male) |
| 6:59 | Create | Villager (Male) |
| 7:50 | Build | Dock |
| 8:11 | Research | Loom |
| 8:31 | Create | Fishing Ship |
| 8:31 | Create | Fishing Ship |
| 8:31 | Create | Fishing Ship |
| 8:52 | Research | Feudal Age |
| 8:59 | Create | Fishing Ship |
| 8:59 | Create | Fishing Ship |
| 9:10 | Build | House |
| 9:16 | Build | House |
| 9:51 | Build | Mill |
| 9:58 | Build | House |
| 11:02 | Age | Feudal Age |
| 11:07 | Research | Tech 906 |
| 11:09 | Create | Fishing Ship |
| 11:14 | Research | Wheelbarrow |
| 11:18 | Research | Double-Bit Axe |
| 11:55 | Build | Palisade Wall |
| 12:18 | Create | Fishing Ship |
| 12:19 | Create | Fishing Ship |
| 12:24 | Create | Villager (Male) |
| 12:25 | Create | Villager (Male) |
| 12:25 | Create | Villager (Male) |
| 12:25 | Create | Villager (Male) |
| 13:22 | Build | Market |
| 13:27 | Create | Villager (Male) |
| 13:27 | Create | Villager (Male) |
| 14:07 | Build | Building 804 |
| 14:18 | Build | Blacksmith |
| 14:24 | Build | Farm |
| 14:27 | Build | Farm |
| 14:42 | Build | Farm |
| 14:52 | Build | Farm |
| 15:05 | Build | House |
| 15:06 | Build | House |
| 15:08 | Build | House |
| 16:01 | Create | Villager (Male) |
| 16:02 | Create | Villager (Male) |
| 16:02 | Create | Villager (Male) |
| 16:13 | Research | Castle Age |
| 16:31 | Build | Barracks |
| 17:02 | Build | Mule Cart |
| 17:09 | Build | Mule Cart |
| 17:22 | Research | Stone Mining |
| 17:32 | Create | Fishing Ship |
| 17:36 | Research | Tech 906 |
| 18:08 | Research | Forging |
| 18:41 | Build | Palisade Wall |
| 18:45 | Build | Palisade Wall |
| 18:51 | Build | Building 796 |
| 18:53 | Age | Castle Age |
| 19:05 | Build | Mule Cart |
| 19:34 | Build | Monastery |
| 19:51 | Build | Town Center |
| 19:55 | Research | Hand Cart |
| 20:00 | Research | Bow Saw |
| 20:39 | Build | Dock |
| 21:56 | Build | Castle |
| 22:03 | Create | Villager (Male) |
| 22:03 | Create | Villager (Male) |
| 22:03 | Create | Villager (Male) |
| 22:04 | Create | Villager (Male) |
| 22:04 | Create | Villager (Male) |
| 22:04 | Create | Villager (Male) |
| 22:05 | Create | Villager (Male) |
| 22:05 | Create | Villager (Male) |
| 22:05 | Create | Villager (Male) |
| 22:09 | Create | Villager (Male) |
| 22:09 | Create | Villager (Male) |
| 22:10 | Create | Villager (Male) |
| 22:10 | Create | Villager (Male) |
| 22:10 | Create | Villager (Male) |
| 22:18 | Create | Warrior Priest |
| 23:20 | Build | Farm |
| 23:22 | Build | Farm |
| 23:23 | Research | Horse Collar |
| 23:28 | Research | Gold Mining |
| 23:31 | Build | Farm |
| 23:33 | Create | Villager (Male) |
| 23:34 | Create | Villager (Male) |
| 23:55 | Build | Farm |
| 24:37 | Build | Stone Wall |
| 24:48 | Create | Fire Galley |
| 24:58 | Build | Farm |
| 25:01 | Create | Villager (Male) |
| 25:02 | Create | Villager (Male) |
| 25:03 | Create | Villager (Male) |
| 25:03 | Create | Villager (Male) |
| 25:04 | Create | Villager (Male) |
| 25:04 | Create | Villager (Male) |
| 25:39 | Create | Fire Galley |
| 25:59 | Build | Town Center |
| 26:19 | Build | Town Center |
| 26:37 | Create | Galley |
| 27:08 | Build | Stable |
| 27:10 | Create | Composite Bowman |
| 27:54 | Build | Stone Wall |
| 28:03 | Build | Building 673 |
| 28:08 | Build | Stone Wall |
| 28:18 | Create | Scout Cavalry |
| 28:18 | Create | Scout Cavalry |
| 28:18 | Create | Scout Cavalry |
| 28:19 | Create | Scout Cavalry |
| 28:19 | Create | Scout Cavalry |
| 28:19 | Create | Scout Cavalry |
| 28:19 | Create | Scout Cavalry |
| 28:32 | Create | Fire Galley |
| 28:42 | Create | Villager (Male) |
| 28:42 | Create | Villager (Male) |
| 28:42 | Create | Villager (Male) |
| 28:42 | Create | Villager (Male) |
| 28:43 | Create | Villager (Male) |
| 28:43 | Create | Villager (Male) |
| 28:43 | Create | Villager (Male) |
| 28:50 | Build | Mule Cart |
| 28:53 | Create | Villager (Male) |
| 28:53 | Create | Villager (Male) |
| 28:53 | Create | Villager (Male) |
| 28:53 | Create | Villager (Male) |
| 28:54 | Create | Villager (Male) |
| 28:54 | Create | Villager (Male) |
| 28:54 | Create | Villager (Male) |
| 29:29 | Build | Monastery |
Build order — titobr6
First 150 of 1004 actions detected
| 0:13 | Build | House |
| 0:14 | Build | House |
| 0:23 | Create | Villager (Male) |
| 0:23 | Create | Villager (Male) |
| 0:23 | Create | Villager (Male) |
| 0:24 | Create | Villager (Male) |
| 0:24 | Create | Villager (Male) |
| 0:25 | Research | Loom |
| 1:13 | Build | House |
| 2:06 | Create | Villager (Male) |
| 2:06 | Create | Villager (Male) |
| 3:02 | Create | Villager (Male) |
| 3:02 | Create | Villager (Male) |
| 3:23 | Create | Villager (Male) |
| 3:49 | Create | Villager (Male) |
| 3:49 | Create | Villager (Male) |
| 4:10 | Build | Lumber Camp |
| 4:33 | Create | Villager (Male) |
| 4:34 | Create | Villager (Male) |
| 4:34 | Create | Villager (Male) |
| 4:48 | Create | Villager (Male) |
| 4:48 | Create | Villager (Male) |
| 5:38 | Build | Mill |
| 6:30 | Create | Villager (Male) |
| 6:31 | Create | Villager (Male) |
| 6:31 | Create | Villager (Male) |
| 8:38 | Build | Barracks |
| 9:16 | Build | House |
| 9:20 | Build | House |
| 9:31 | Build | House |
| 9:41 | Research | Feudal Age |
| 10:09 | Build | Mining Camp |
| 11:29 | Create | Villager (Male) |
| 11:29 | Create | Villager (Male) |
| 11:51 | Age | Feudal Age |
| 12:15 | Build | Stone Wall |
| 12:19 | Build | Stone Wall |
| 12:43 | Build | Archery Range |
| 13:02 | Build | Blacksmith |
| 13:06 | Create | Villager (Male) |
| 13:06 | Create | Villager (Male) |
| 13:06 | Create | Villager (Male) |
| 13:32 | Research | Double-Bit Axe |
| 14:20 | Build | Farm |
| 14:28 | Build | Farm |
| 14:38 | Build | Mining Camp |
| 14:56 | Build | Farm |
| 15:00 | Create | Villager (Male) |
| 15:00 | Create | Villager (Male) |
| 15:00 | Create | Villager (Male) |
| 15:24 | Build | Market |
| 15:46 | Build | Farm |
| 16:40 | Build | Farm |
| 16:53 | Create | Villager (Male) |
| 16:54 | Create | Villager (Male) |
| 16:54 | Create | Villager (Male) |
| 17:03 | Create | Archer |
| 17:04 | Create | Archer |
| 17:04 | Create | Archer |
| 17:04 | Create | Archer |
| 17:04 | Create | Archer |
| 17:05 | Create | Archer |
| 17:10 | Research | Padded Archer Armor |
| 17:45 | Build | Farm |
| 18:20 | Research | Horse Collar |
| 18:29 | Build | Farm |
| 19:07 | Build | Market |
| 19:22 | Create | Villager (Male) |
| 19:22 | Create | Villager (Male) |
| 19:23 | Create | Villager (Male) |
| 19:49 | Build | Farm |
| 19:59 | Build | House |
| 20:00 | Build | House |
| 20:01 | Build | House |
| 20:02 | Build | House |
| 20:03 | Build | House |
| 20:04 | Build | House |
| 20:06 | Build | House |
| 21:07 | Research | Castle Age |
| 21:46 | Research | Fletching |
| 21:47 | Research | Forging |
| 21:55 | Research | Stone Mining |
| 23:14 | Build | Farm |
| 23:25 | Build | Farm |
| 23:32 | Research | Gold Mining |
| 23:50 | Research | Scale Barding Armor |
| 23:51 | Age | Castle Age |
| 23:57 | Create | Villager (Male) |
| 23:57 | Create | Villager (Male) |
| 23:57 | Create | Villager (Male) |
| 24:36 | Build | Town Center |
| 24:54 | Build | Monastery |
| 25:00 | Research | Iron Casting |
| 25:16 | Build | Farm |
| 25:24 | Create | Villager (Male) |
| 25:24 | Create | Villager (Male) |
| 25:53 | Build | University |
| 26:39 | Research | Bow Saw |
| 26:47 | Build | Farm |
| 26:54 | Create | Monk |
| 27:09 | Create | Villager (Male) |
| 27:10 | Create | Villager (Male) |
| 27:39 | Research | Heavy Plow |
| 27:51 | Build | Farm |
| 27:53 | Build | Farm |
| 27:58 | Create | Villager (Male) |
| 27:58 | Create | Villager (Male) |
| 28:11 | Build | Farm |
| 28:28 | Research | Crossbowman (upgrade) |
| 28:45 | Create | Villager (Male) |
| 28:45 | Create | Villager (Male) |
| 28:59 | Research | Treadmill Crane |
| 29:31 | Research | Fortified Wall (upgrade) |
| 29:43 | Create | Villager (Male) |
| 29:44 | Create | Villager (Male) |
| 29:50 | Create | Villager (Male) |
| 29:50 | Create | Villager (Male) |
| 30:56 | Build | Castle |
| 31:14 | Build | Farm |
| 31:21 | Research | Wheelbarrow |
| 31:22 | Research | Town Watch |
| 31:47 | Research | Thumb Ring |
| 31:49 | Create | Archer |
| 31:49 | Create | Archer |
| 31:49 | Create | Archer |
| 31:50 | Create | Archer |
| 31:50 | Create | Archer |
| 31:50 | Create | Archer |
| 32:48 | Research | Hand Cart |
| 33:03 | Create | Trade Cart |
| 33:04 | Create | Trade Cart |
| 33:04 | Create | Trade Cart |
| 33:04 | Create | Trade Cart |
| 33:20 | Build | Mining Camp |
| 33:50 | Research | Bodkin Arrow |
| 33:50 | Research | Leather Archer Armor |
| 34:18 | Create | Villager (Male) |
| 34:19 | Create | Villager (Male) |
| 34:19 | Create | Villager (Male) |
| 35:05 | Research | Chain Barding Armor |
| 35:08 | Create | Mameluke |
| 35:09 | Create | Mameluke |
| 35:09 | Create | Mameluke |
| 35:09 | Create | Mameluke |
| 35:09 | Create | Mameluke |
| 36:12 | Build | Stone Wall |
| 36:22 | Create | Mameluke |
| 36:23 | Create | Mameluke |
| 36:23 | Create | Mameluke |
| 37:01 | Research | Murder Holes |
Build order — roy_is_back001
First 150 of 164 actions detected
| 0:04 | Create | Villager (Male) |
| 0:04 | Create | Villager (Male) |
| 0:04 | Create | Villager (Male) |
| 0:05 | Create | Villager (Male) |
| 0:05 | Create | Villager (Male) |
| 0:09 | Build | House |
| 0:10 | Build | House |
| 1:44 | Create | Villager (Male) |
| 2:21 | Create | Villager (Male) |
| 2:51 | Create | Villager (Male) |
| 2:52 | Create | Villager (Male) |
| 2:52 | Create | Villager (Male) |
| 3:08 | Create | Villager (Male) |
| 3:08 | Create | Villager (Male) |
| 3:51 | Create | Villager (Male) |
| 3:56 | Build | House |
| 4:21 | Build | Dock |
| 5:01 | Create | Villager (Male) |
| 5:01 | Create | Villager (Male) |
| 5:01 | Create | Villager (Male) |
| 5:01 | Create | Villager (Male) |
| 5:47 | Build | House |
| 6:23 | Create | Villager (Male) |
| 6:23 | Create | Villager (Male) |
| 6:23 | Create | Villager (Male) |
| 6:24 | Create | Villager (Male) |
| 6:24 | Create | Villager (Male) |
| 6:24 | Create | Villager (Male) |
| 7:41 | Build | Mill |
| 8:25 | Research | Feudal Age |
| 9:09 | Build | Lumber Camp |
| 9:28 | Build | House |
| 10:38 | Create | Fishing Ship |
| 10:56 | Age | Feudal Age |
| 10:58 | Create | Villager (Male) |
| 10:59 | Create | Villager (Male) |
| 11:01 | Research | Double-Bit Axe |
| 11:35 | Build | Market |
| 11:40 | Create | Villager (Male) |
| 11:53 | Create | Villager (Male) |
| 12:08 | Create | Demolition Raft |
| 12:12 | Create | Fishing Ship |
| 12:12 | Create | Fishing Ship |
| 12:20 | Create | Villager (Male) |
| 12:52 | Build | Blacksmith |
| 12:56 | Build | House |
| 13:23 | Create | Demolition Raft |
| 13:44 | Build | Barracks |
| 13:50 | Create | Villager (Male) |
| 13:51 | Create | Villager (Male) |
| 14:18 | Build | Farm |
| 14:18 | Build | Farm |
| 14:18 | Build | Farm |
| 14:18 | Build | Farm |
| 14:19 | Build | Farm |
| 14:19 | Build | Farm |
| 14:19 | Build | Farm |
| 14:52 | Build | Farm |
| 14:52 | Build | Farm |
| 14:53 | Build | Farm |
| 14:53 | Build | Farm |
| 14:53 | Build | Farm |
| 15:30 | Research | Castle Age |
| 15:56 | Build | Farm |
| 16:06 | Build | Lumber Camp |
| 16:16 | Create | Spearman |
| 16:17 | Create | Spearman |
| 16:28 | Create | Fishing Ship |
| 16:34 | Research | Horse Collar |
| 16:48 | Build | House |
| 17:52 | Create | Spearman |
| 17:53 | Create | Spearman |
| 18:10 | Age | Castle Age |
| 18:18 | Create | Fishing Ship |
| 18:19 | Create | Villager (Male) |
| 18:20 | Create | Villager (Male) |
| 18:22 | Research | Bow Saw |
| 18:39 | Build | Farm |
| 18:39 | Build | Farm |
| 18:41 | Build | Farm |
| 18:42 | Build | Farm |
| 18:42 | Build | Farm |
| 18:45 | Build | Farm |
| 18:49 | Create | Villager (Male) |
| 19:03 | Build | House |
| 19:03 | Build | House |
| 19:04 | Build | House |
| 19:04 | Build | House |
| 19:05 | Build | House |
| 19:14 | Research | Heavy Plow |
| 20:00 | Build | Town Center |
| 20:11 | Create | Villager (Male) |
| 20:12 | Create | Villager (Male) |
| 20:12 | Create | Villager (Male) |
| 20:27 | Create | Spearman |
| 20:27 | Create | Spearman |
| 20:28 | Create | Spearman |
| 20:39 | Build | Archery Range |
| 20:54 | Create | Villager (Male) |
| 20:55 | Create | Villager (Male) |
| 20:55 | Create | Villager (Male) |
| 20:55 | Create | Villager (Male) |
| 21:05 | Build | House |
| 21:05 | Build | House |
| 21:25 | Build | Mining Camp |
| 21:34 | Create | Villager (Male) |
| 21:34 | Create | Villager (Male) |
| 21:51 | Create | Skirmisher ×5 |
| 22:04 | Create | Villager (Male) |
| 22:04 | Create | Villager (Male) |
| 22:05 | Create | Villager (Male) |
| 22:05 | Create | Villager (Male) |
| 22:28 | Create | Villager (Male) |
| 22:50 | Create | Villager (Male) |
| 22:51 | Create | Villager (Male) |
| 22:52 | Create | Villager (Male) |
| 22:57 | Build | Town Center |
| 23:26 | Build | Stable |
| 23:30 | Create | Villager (Male) |
| 23:31 | Create | Villager (Male) |
| 23:37 | Research | Stone Mining |
| 23:45 | Create | Spearman |
| 23:46 | Create | Spearman |
| 23:55 | Create | Villager (Male) |
| 23:56 | Create | Villager (Male) |
| 23:57 | Create | Villager (Male) |
| 23:57 | Create | Villager (Male) |
| 24:11 | Build | Dock |
| 24:29 | Build | Dock |
| 24:42 | Research | Husbandry |
| 24:43 | Create | Scout Cavalry ×4 |
| 24:47 | Create | Villager (Male) |
| 24:49 | Create | Villager (Male) |
| 24:55 | Build | Lumber Camp |
| 25:09 | Build | Lumber Camp |
| 25:13 | Research | Gold Mining |
| 25:24 | Create | Villager (Male) |
| 25:29 | Create | Villager (Male) |
| 25:29 | Create | Villager (Male) |
| 26:29 | Create | Villager (Male) |
| 26:29 | Create | Villager (Male) |
| 26:30 | Create | Villager (Male) |
| 26:30 | Create | Villager (Male) |
| 26:32 | Create | Villager (Male) |
| 26:40 | Build | House |
| 26:40 | Build | House |
| 26:40 | Build | House |
| 26:41 | Build | House |
| 26:44 | Build | House |
| 27:12 | Research | Elite Skirmisher (upgrade) |
Build order — 我真的不是周杰伦
First 150 of 549 actions detected
| 0:13 | Create | Villager (Male) ×4 |
| 0:13 | Create | Villager (Male) ×4 |
| 0:35 | Build | House |
| 0:36 | Build | House |
| 0:38 | Build | House |
| 1:52 | Build | House |
| 2:02 | Create | Villager (Male) |
| 2:02 | Create | Villager (Male) |
| 2:24 | Create | Villager (Male) |
| 2:25 | Create | Villager (Male) |
| 2:34 | Build | Mill |
| 3:03 | Create | Villager (Male) |
| 3:03 | Create | Villager (Male) |
| 3:20 | Create | Villager (Male) |
| 3:36 | Create | Villager (Male) |
| 3:37 | Create | Villager (Male) |
| 4:02 | Create | Villager (Male) |
| 4:02 | Create | Villager (Male) |
| 4:24 | Create | Villager (Male) |
| 4:25 | Create | Villager (Male) |
| 5:08 | Create | Villager (Male) ×3 |
| 5:08 | Create | Villager (Male) ×3 |
| 6:04 | Create | Villager (Male) |
| 6:48 | Create | Villager (Male) |
| 7:17 | Create | Villager (Male) |
| 7:56 | Research | Feudal Age |
| 7:57 | Research | Feudal Age |
| 10:06 | Age | Feudal Age |
| 10:20 | Research | Wheelbarrow |
| 10:23 | Research | Horse Collar |
| 11:24 | Build | Stone Wall |
| 11:38 | Build | Stone Wall |
| 11:50 | Build | Building 490 |
| 12:03 | Create | Villager (Male) |
| 12:03 | Create | Villager (Male) |
| 12:03 | Create | Villager (Male) |
| 12:13 | Build | Mining Camp |
| 12:21 | Build | Lumber Camp |
| 12:59 | Research | Double-Bit Axe |
| 13:00 | Research | Double-Bit Axe |
| 13:24 | Build | House |
| 13:24 | Build | House |
| 13:24 | Build | House |
| 13:24 | Build | House |
| 13:39 | Create | Villager (Male) |
| 13:40 | Create | Villager (Male) |
| 13:40 | Create | Villager (Male) |
| 13:40 | Create | Villager (Male) |
| 14:03 | Build | Farm |
| 14:04 | Build | Farm |
| 14:04 | Build | Farm |
| 14:04 | Build | Farm |
| 15:09 | Create | Villager (Male) |
| 15:10 | Create | Villager (Male) |
| 15:34 | Build | Farm |
| 16:04 | Build | Market |
| 16:12 | Build | Blacksmith |
| 16:31 | Create | Villager (Male) |
| 16:32 | Create | Villager (Male) |
| 17:30 | Build | Mill |
| 18:00 | Research | Castle Age |
| 18:01 | Research | Castle Age |
| 18:34 | Build | Stable |
| 18:37 | Build | Stable |
| 19:29 | Build | Dock |
| 19:46 | Research | Bloodlines |
| 19:51 | Research | Stone Mining |
| 19:52 | Research | Gold Mining |
| 20:40 | Age | Castle Age |
| 21:13 | Build | Town Center |
| 21:34 | Build | Town Center |
| 21:46 | Create | Villager (Male) |
| 21:46 | Create | Villager (Male) |
| 21:46 | Create | Villager (Male) |
| 21:47 | Create | Villager (Male) |
| 21:47 | Create | Villager (Male) |
| 21:47 | Create | Villager (Male) |
| 22:02 | Build | Town Center |
| 22:43 | Create | Villager (Male) ×5 |
| 22:43 | Create | Villager (Male) ×5 |
| 23:07 | Build | Farm |
| 23:07 | Build | Farm |
| 23:08 | Build | Farm |
| 23:08 | Build | Farm |
| 23:08 | Build | Farm |
| 23:09 | Build | Farm |
| 23:57 | Build | Farm |
| 23:58 | Build | Farm |
| 23:59 | Build | Farm |
| 24:01 | Build | Farm |
| 24:02 | Build | Farm |
| 24:10 | Create | Villager (Male) |
| 24:10 | Create | Villager (Male) |
| 24:20 | Create | Villager (Male) ×2 |
| 24:21 | Create | Villager (Male) ×2 |
| 24:31 | Build | House |
| 24:31 | Build | House |
| 24:32 | Build | House |
| 24:32 | Build | House |
| 24:32 | Build | House |
| 24:33 | Build | House |
| 24:33 | Build | House |
| 24:33 | Build | House |
| 24:45 | Create | Villager (Male) |
| 24:45 | Create | Villager (Male) |
| 24:48 | Create | Villager (Male) |
| 24:48 | Create | Villager (Male) |
| 25:03 | Create | Villager (Male) |
| 25:03 | Create | Villager (Male) |
| 26:20 | Build | Stable |
| 26:29 | Research | Hand Cart |
| 26:36 | Create | Villager (Male) |
| 26:36 | Create | Villager (Male) |
| 26:51 | Create | Villager (Male) |
| 26:51 | Create | Villager (Male) |
| 27:20 | Build | Castle |
| 27:33 | Research | Heavy Plow |
| 27:33 | Research | Heavy Plow |
| 27:47 | Research | Bow Saw |
| 27:48 | Research | Bow Saw |
| 27:57 | Create | Villager (Male) |
| 27:57 | Create | Villager (Male) |
| 28:08 | Build | House |
| 28:08 | Build | House |
| 28:08 | Build | House |
| 28:09 | Build | House |
| 28:09 | Build | House |
| 28:27 | Build | Siege Workshop |
| 28:28 | Build | Siege Workshop |
| 28:32 | Build | Siege Workshop |
| 28:47 | Create | Villager (Male) ×4 |
| 28:47 | Create | Villager (Male) ×5 |
| 28:47 | Create | Villager (Male) |
| 29:21 | Create | Villager (Male) ×3 |
| 29:21 | Create | Villager (Male) ×3 |
| 29:32 | Build | Mining Camp |
| 30:01 | Build | Siege Workshop |
| 30:02 | Build | Siege Workshop |
| 30:27 | Build | Farm |
| 30:27 | Build | Farm |
| 30:30 | Build | Farm |
| 30:32 | Build | Farm |
| 30:33 | Build | Farm |
| 30:36 | Build | Farm |
| 30:38 | Build | Farm |
| 30:38 | Build | Farm |
| 30:39 | Build | Farm |
| 30:46 | Create | Villager (Male) ×5 |
| 30:46 | Create | Villager (Male) ×5 |
| 31:05 | Create | Villager (Male) |
Build order — madagascart
First 150 of 1584 actions detected
| 0:06 | Build | House |
| 0:14 | Create | Villager (Male) |
| 0:14 | Create | Villager (Male) |
| 0:15 | Create | Villager (Male) |
| 0:15 | Create | Villager (Male) |
| 0:27 | Build | House |
| 0:54 | Build | House |
| 1:43 | Research | Loom |
| 1:58 | Create | Villager (Male) |
| 2:20 | Create | Villager (Male) |
| 2:20 | Create | Villager (Male) |
| 2:52 | Create | Villager (Male) |
| 3:02 | Build | Mill |
| 3:20 | Create | Villager (Male) |
| 3:20 | Create | Villager (Male) |
| 3:21 | Create | Villager (Male) |
| 4:00 | Create | Villager (Male) |
| 4:29 | Create | Villager (Male) |
| 4:29 | Create | Villager (Male) |
| 5:17 | Create | Villager (Male) |
| 5:18 | Create | Villager (Male) |
| 5:48 | Create | Villager (Male) |
| 5:49 | Create | Villager (Male) |
| 6:27 | Create | Villager (Male) |
| 6:27 | Create | Villager (Male) |
| 6:27 | Create | Villager (Male) |
| 6:42 | Build | House |
| 7:02 | Build | Lumber Camp |
| 7:10 | Create | Villager (Male) |
| 7:10 | Create | Villager (Male) |
| 7:49 | Create | Villager (Male) |
| 7:49 | Create | Villager (Male) |
| 7:56 | Build | House |
| 8:20 | Create | Villager (Male) |
| 8:20 | Create | Villager (Male) |
| 9:08 | Build | Dock |
| 9:44 | Build | House |
| 9:48 | Build | House |
| 10:09 | Create | Fishing Ship |
| 10:10 | Create | Fishing Ship |
| 10:26 | Research | Feudal Age |
| 10:36 | Build | Mining Camp |
| 10:54 | Create | Fishing Ship |
| 11:11 | Build | House |
| 12:08 | Create | Fishing Ship |
| 12:08 | Create | Fishing Ship |
| 12:26 | Build | Mining Camp |
| 12:59 | Create | Fishing Ship |
| 13:14 | Create | Villager (Male) |
| 13:14 | Create | Villager (Male) |
| 13:14 | Create | Villager (Male) |
| 13:19 | Build | Market |
| 13:42 | Build | Blacksmith |
| 14:09 | Create | Fishing Ship |
| 14:09 | Create | Fishing Ship |
| 14:17 | Create | Villager (Male) |
| 14:18 | Create | Villager (Male) |
| 15:07 | Create | Fishing Ship |
| 15:07 | Create | Fishing Ship |
| 15:17 | Research | Castle Age |
| 15:30 | Build | Barracks |
| 16:14 | Create | Fishing Ship |
| 16:15 | Create | Fishing Ship |
| 16:36 | Research | Double-Bit Axe |
| 16:38 | Research | Horse Collar |
| 17:41 | Build | House |
| 18:02 | Build | Town Center |
| 18:09 | Build | Castle |
| 18:19 | Create | Villager (Male) |
| 18:19 | Create | Villager (Male) |
| 18:20 | Create | Villager (Male) |
| 18:20 | Create | Villager (Male) |
| 18:33 | Create | Fishing Ship |
| 18:33 | Create | Fishing Ship |
| 19:10 | Build | Archery Range |
| 19:14 | Create | Villager (Male) |
| 19:14 | Create | Villager (Male) |
| 19:14 | Create | Villager (Male) |
| 19:15 | Create | Villager (Male) |
| 20:00 | Create | Villager (Male) |
| 20:00 | Create | Villager (Male) |
| 20:07 | Build | Archery Range |
| 20:19 | Build | University |
| 20:27 | Create | Villager (Male) |
| 20:27 | Create | Villager (Male) |
| 20:27 | Create | Villager (Male) |
| 20:34 | Build | Farm |
| 20:39 | Build | Farm |
| 21:01 | Build | Archery Range |
| 21:05 | Create | Villager (Male) |
| 21:05 | Create | Villager (Male) |
| 21:15 | Create | Villager (Male) |
| 21:15 | Create | Villager (Male) |
| 21:16 | Create | Villager (Male) |
| 21:23 | Build | Farm |
| 21:29 | Build | Farm |
| 21:35 | Research | Chemistry |
| 21:42 | Build | Farm |
| 22:06 | Build | Archery Range |
| 23:19 | Build | Town Center |
| 23:35 | Create | Villager (Male) |
| 23:35 | Create | Villager (Male) |
| 23:41 | Build | Siege Workshop |
| 23:48 | Create | Hand Cannoneer |
| 23:48 | Create | Hand Cannoneer |
| 23:49 | Create | Hand Cannoneer |
| 23:49 | Create | Hand Cannoneer |
| 23:49 | Create | Hand Cannoneer |
| 25:15 | Build | Farm |
| 25:21 | Build | Farm |
| 25:54 | Build | Town Center |
| 26:00 | Research | Imperial Age |
| 26:21 | Create | Villager (Male) |
| 26:22 | Create | Villager (Male) |
| 26:30 | Build | Farm |
| 26:40 | Build | Farm |
| 26:46 | Build | Farm |
| 26:52 | Create | Hand Cannoneer |
| 26:52 | Create | Hand Cannoneer |
| 26:52 | Create | Hand Cannoneer |
| 27:04 | Build | Farm |
| 27:12 | Build | Dock |
| 27:31 | Create | Hand Cannoneer |
| 27:31 | Create | Hand Cannoneer |
| 27:32 | Create | Hand Cannoneer |
| 27:32 | Create | Hand Cannoneer |
| 27:50 | Create | Hand Cannoneer |
| 27:50 | Create | Hand Cannoneer |
| 27:51 | Create | Hand Cannoneer |
| 27:51 | Create | Hand Cannoneer |
| 28:06 | Build | Farm |
| 28:14 | Build | Farm |
| 28:21 | Create | Villager (Male) |
| 28:22 | Create | Villager (Male) |
| 28:35 | Create | Fishing Ship |
| 28:35 | Create | Fishing Ship |
| 28:36 | Create | Fishing Ship |
| 28:59 | Create | Hand Cannoneer |
| 28:59 | Create | Hand Cannoneer |
| 29:00 | Create | Hand Cannoneer |
| 29:12 | Create | Bombard Cannon |
| 29:13 | Create | Bombard Cannon |
| 29:13 | Create | Bombard Cannon |
| 29:29 | Build | Farm |
| 29:36 | Build | Farm |
| 29:40 | Create | Villager (Male) |
| 29:40 | Create | Villager (Male) |
| 29:41 | Create | Villager (Male) |
| 29:53 | Build | Farm |
| 30:01 | Build | Farm |
Build order — armimen56
First 150 of 968 actions detected
| 0:27 | Build | House |
| 0:29 | Create | Villager (Male) |
| 0:29 | Create | Villager (Male) |
| 0:30 | Create | Villager (Male) |
| 0:30 | Create | Villager (Male) |
| 0:31 | Research | Loom |
| 2:22 | Create | Villager (Male) |
| 3:24 | Build | House |
| 3:42 | Create | Villager (Male) |
| 3:43 | Create | Villager (Male) |
| 3:43 | Create | Villager (Male) |
| 4:03 | Build | Mill |
| 4:16 | Create | Villager (Male) |
| 5:19 | Create | Villager (Male) |
| 5:22 | Build | House |
| 5:35 | Build | Lumber Camp |
| 5:42 | Create | Villager (Male) |
| 6:21 | Build | Mining Camp |
| 7:19 | Build | Farm |
| 7:42 | Create | Villager (Male) |
| 8:22 | Create | Villager (Male) |
| 9:04 | Research | Feudal Age |
| 9:40 | Build | Farm |
| 10:24 | Create | Villager (Male) |
| 10:25 | Create | Villager (Male) |
| 10:25 | Create | Villager (Male) |
| 10:26 | Create | Villager (Male) |
| 10:46 | Build | Farm |
| 10:50 | Build | Farm |
| 10:55 | Build | Farm |
| 11:11 | Build | House |
| 11:14 | Age | Feudal Age |
| 11:20 | Create | Villager (Male) |
| 11:20 | Create | Villager (Male) |
| 11:21 | Create | Villager (Male) |
| 11:32 | Research | Double-Bit Axe |
| 11:40 | Create | Villager (Male) |
| 11:41 | Create | Villager (Male) |
| 11:44 | Build | House |
| 12:18 | Build | Farm |
| 13:10 | Build | Farm |
| 13:19 | Build | Farm |
| 13:24 | Create | Villager (Male) |
| 14:13 | Build | Farm |
| 14:31 | Build | Watch Tower |
| 14:42 | Build | Barracks |
| 15:04 | Build | Farm |
| 15:18 | Create | Villager (Male) |
| 15:19 | Create | Villager (Male) |
| 15:45 | Build | House |
| 16:00 | Create | Villager (Male) |
| 16:14 | Build | Mining Camp |
| 16:28 | Build | Stable |
| 16:34 | Create | Villager (Male) |
| 16:35 | Create | Villager (Male) |
| 16:46 | Build | Farm |
| 16:48 | Create | Villager (Male) |
| 17:11 | Build | House |
| 17:52 | Create | Villager (Male) |
| 17:52 | Create | Villager (Male) |
| 18:01 | Build | Blacksmith |
| 18:27 | Build | Farm |
| 18:28 | Create | Villager (Male) |
| 18:42 | Build | House |
| 18:49 | Research | Castle Age |
| 18:59 | Build | Stone Wall |
| 19:04 | Create | Scout Cavalry |
| 19:05 | Create | Scout Cavalry |
| 19:05 | Create | Scout Cavalry |
| 19:12 | Create | Scout Cavalry |
| 19:36 | Research | Gold Mining |
| 19:54 | Build | Building 490 |
| 20:00 | Create | Scout Cavalry |
| 20:20 | Research | Stone Mining |
| 20:58 | Research | Scale Barding Armor |
| 21:31 | Age | Castle Age |
| 21:33 | Build | Town Center |
| 21:37 | Create | Villager (Male) |
| 21:37 | Create | Villager (Male) |
| 21:38 | Create | Villager (Male) |
| 21:54 | Build | Watch Tower |
| 22:43 | Create | Villager (Male) |
| 22:44 | Create | Villager (Male) |
| 22:44 | Create | Villager (Male) |
| 22:44 | Create | Villager (Male) |
| 22:47 | Create | Villager (Male) |
| 22:48 | Create | Villager (Male) |
| 23:25 | Research | Bow Saw |
| 23:34 | Build | Farm |
| 23:39 | Build | Farm |
| 23:42 | Create | Villager (Male) |
| 25:04 | Create | Villager (Male) |
| 25:04 | Create | Villager (Male) |
| 25:04 | Create | Villager (Male) |
| 25:05 | Create | Villager (Male) |
| 25:08 | Research | Horse Collar |
| 25:18 | Create | Villager (Male) |
| 25:18 | Create | Villager (Male) |
| 25:23 | Create | Knight |
| 25:42 | Create | Villager (Male) |
| 25:52 | Build | House |
| 25:53 | Build | House |
| 25:54 | Build | House |
| 26:02 | Create | Spearman |
| 26:02 | Create | Spearman |
| 26:03 | Create | Spearman |
| 26:03 | Create | Spearman |
| 26:08 | Research | Pikeman (upgrade) |
| 26:12 | Research | Gambesons |
| 26:37 | Build | Castle |
| 26:47 | Create | Villager (Male) |
| 26:47 | Create | Villager (Male) |
| 26:48 | Create | Villager (Male) |
| 26:59 | Build | Farm |
| 27:06 | Build | Farm |
| 27:09 | Create | Villager (Male) |
| 27:09 | Create | Villager (Male) |
| 27:13 | Create | Villager (Male) |
| 27:38 | Build | Market |
| 27:49 | Create | Knight |
| 27:49 | Create | Knight |
| 27:50 | Create | Knight |
| 27:59 | Build | Farm |
| 28:03 | Build | Farm |
| 28:07 | Build | Farm |
| 28:08 | Create | Villager (Male) |
| 28:08 | Create | Villager (Male) |
| 28:12 | Create | Villager (Male) |
| 28:12 | Create | Villager (Male) |
| 28:20 | Create | Villager (Male) |
| 28:38 | Create | Knight |
| 29:00 | Create | Villager (Male) |
| 29:00 | Create | Villager (Male) |
| 29:07 | Build | House |
| 29:29 | Create | Trade Cart |
| 29:29 | Create | Trade Cart |
| 29:29 | Create | Trade Cart |
| 29:30 | Create | Trade Cart |
| 29:30 | Create | Trade Cart |
| 29:30 | Create | Trade Cart |
| 29:32 | Create | Trade Cart |
| 29:47 | Build | House |
| 30:03 | Build | Farm |
| 30:18 | Research | Bloodlines |
| 30:19 | Research | Husbandry |
| 30:27 | Build | House |
| 30:29 | Build | House |
| 30:33 | Build | Farm |
| 30:37 | Create | Spearman |
| 30:37 | Create | Spearman |
Build order — FadedButtons
First 150 of 456 actions detected
| 0:13 | Create | Villager (Male) |
| 0:13 | Create | Villager (Male) |
| 0:13 | Create | Villager (Male) |
| 0:13 | Create | Villager (Male) |
| 0:16 | Build | House |
| 0:19 | Build | House |
| 0:22 | Build | House |
| 2:09 | Build | Lumber Camp |
| 2:18 | Create | Villager (Male) |
| 2:18 | Create | Villager (Male) |
| 2:50 | Build | House |
| 4:09 | Create | Villager (Male) |
| 4:09 | Create | Villager (Male) |
| 4:09 | Create | Villager (Male) |
| 4:09 | Create | Villager (Male) |
| 5:03 | Create | Villager (Male) |
| 5:04 | Create | Villager (Male) |
| 5:16 | Create | Villager (Male) |
| 5:30 | Build | Mill |
| 6:14 | Create | Villager (Male) |
| 6:26 | Create | Villager (Male) |
| 7:16 | Create | Villager (Male) |
| 7:24 | Create | Villager (Male) |
| 7:34 | Create | Villager (Male) |
| 7:41 | Create | Villager (Male) |
| 8:01 | Create | Villager (Male) |
| 8:53 | Research | Feudal Age |
| 11:02 | Create | Villager (Male) |
| 11:03 | Create | Villager (Male) |
| 11:03 | Create | Villager (Male) |
| 11:03 | Create | Villager (Male) |
| 11:04 | Create | Villager (Male) |
| 11:10 | Build | House |
| 11:13 | Build | House |
| 11:15 | Build | House |
| 11:20 | Research | Double-Bit Axe |
| 11:55 | Build | Mining Camp |
| 12:39 | Build | Blacksmith |
| 12:52 | Research | Gold Mining |
| 12:52 | Research | Gold Mining |
| 12:53 | Research | Stone Mining |
| 12:57 | Create | Villager (Male) |
| 12:58 | Create | Villager (Male) |
| 13:25 | Research | Horse Collar |
| 13:44 | Build | Farm |
| 13:44 | Build | Farm |
| 13:44 | Build | Farm |
| 13:44 | Build | Farm |
| 13:44 | Build | Farm |
| 13:44 | Build | Farm |
| 13:44 | Build | Farm |
| 14:08 | Create | Villager (Male) |
| 14:08 | Create | Villager (Male) |
| 14:08 | Create | Villager (Male) |
| 14:09 | Build | Farm |
| 14:09 | Build | Farm |
| 14:09 | Build | Farm |
| 14:09 | Build | Farm |
| 14:09 | Build | Farm |
| 14:09 | Build | Farm |
| 14:09 | Build | Farm |
| 14:09 | Build | Farm |
| 14:09 | Build | Farm |
| 14:26 | Research | Loom |
| 14:30 | Create | Villager (Male) |
| 14:30 | Create | Villager (Male) |
| 14:50 | Build | Market |
| 14:56 | Build | House |
| 14:59 | Build | House |
| 15:01 | Build | House |
| 15:04 | Build | House |
| 15:48 | Create | Villager (Male) |
| 16:14 | Create | Villager (Male) |
| 16:15 | Create | Villager (Male) |
| 16:19 | Build | Farm |
| 16:19 | Build | Farm |
| 16:19 | Build | Farm |
| 16:19 | Build | Farm |
| 16:19 | Build | Farm |
| 16:19 | Build | Farm |
| 16:19 | Build | Farm |
| 16:19 | Build | Farm |
| 16:19 | Build | Farm |
| 16:19 | Build | Farm |
| 16:19 | Build | Farm |
| 16:42 | Build | Market |
| 16:44 | Build | Farm |
| 16:44 | Build | Farm |
| 16:44 | Build | Farm |
| 16:44 | Build | Farm |
| 16:44 | Build | Farm |
| 16:44 | Build | Farm |
| 16:44 | Build | Market |
| 16:44 | Build | Farm |
| 16:44 | Build | Farm |
| 16:44 | Build | Farm |
| 16:44 | Build | Farm |
| 16:45 | Build | Farm |
| 16:47 | Build | Market |
| 16:55 | Create | Villager (Male) |
| 17:09 | Build | Farm |
| 17:09 | Build | Farm |
| 17:09 | Build | Farm |
| 17:09 | Build | Farm |
| 17:09 | Build | Farm |
| 17:09 | Build | Farm |
| 17:09 | Build | Farm |
| 17:09 | Build | Farm |
| 17:09 | Build | Farm |
| 17:09 | Build | Farm |
| 17:34 | Build | Farm |
| 17:34 | Build | Farm |
| 17:34 | Build | Farm |
| 17:34 | Build | Farm |
| 17:34 | Create | Villager (Male) |
| 17:34 | Build | Farm |
| 17:34 | Build | Farm |
| 17:34 | Build | Farm |
| 17:34 | Build | Farm |
| 17:34 | Build | Farm |
| 18:00 | Build | Farm |
| 18:00 | Build | Farm |
| 18:00 | Build | Farm |
| 18:00 | Build | Farm |
| 18:00 | Build | Farm |
| 18:00 | Build | Farm |
| 18:00 | Build | Farm |
| 18:04 | Create | Villager (Male) |
| 18:29 | Create | Villager (Male) |
| 18:30 | Build | Farm |
| 18:30 | Build | Farm |
| 18:30 | Build | Farm |
| 18:30 | Build | Farm |
| 18:30 | Build | Farm |
| 18:37 | Create | Villager (Male) |
| 18:55 | Build | Farm |
| 18:55 | Build | Farm |
| 18:55 | Build | Farm |
| 18:55 | Build | Farm |
| 18:55 | Build | Farm |
| 19:13 | Research | Wheelbarrow |
| 19:20 | Build | Farm |
| 19:20 | Build | Farm |
| 19:20 | Build | Farm |
| 19:20 | Build | Farm |
| 19:37 | Build | Market |
| 19:43 | Build | Market |
| 19:55 | Create | Villager (Male) |
| 20:32 | Build | Lumber Camp |
| 20:40 | Create | Villager (Male) |
Build order — marciano.gazu
First 150 of 1669 actions detected
| 0:06 | Build | House |
| 0:07 | Build | House |
| 0:10 | Create | Villager (Male) |
| 0:22 | Create | Villager (Male) |
| 0:29 | Create | Villager (Male) |
| 0:42 | Create | Villager (Male) |
| 1:43 | Create | Villager (Male) |
| 2:24 | Create | Villager (Male) |
| 2:54 | Build | House |
| 2:56 | Create | Villager (Male) |
| 3:13 | Create | Villager (Male) |
| 3:37 | Build | Mill |
| 3:39 | Create | Villager (Male) |
| 4:38 | Create | Villager (Male) |
| 4:57 | Create | Villager (Male) |
| 5:13 | Create | Villager (Male) |
| 5:36 | Build | House |
| 6:27 | Research | Loom |
| 6:42 | Build | Dock |
| 7:16 | Create | Villager (Male) |
| 7:19 | Create | Villager (Male) |
| 7:25 | Create | Fishing Ship |
| 7:55 | Create | Villager (Male) |
| 8:13 | Create | Villager (Male) |
| 8:19 | Create | Fishing Ship |
| 8:26 | Create | Villager (Male) |
| 9:52 | Create | Villager (Male) |
| 10:05 | Build | House |
| 10:06 | Build | House |
| 10:14 | Research | Feudal Age |
| 10:29 | Create | Villager (Male) |
| 10:38 | Build | Lumber Camp |
| 11:02 | Create | Villager (Male) |
| 11:17 | Build | Barracks |
| 11:21 | Build | House |
| 11:38 | Create | Villager (Male) |
| 12:05 | Build | Mining Camp |
| 12:07 | Create | Villager (Male) |
| 12:27 | Age | Feudal Age |
| 12:32 | Create | Villager (Male) |
| 12:59 | Create | Villager (Male) |
| 13:03 | Create | Spearman |
| 13:04 | Create | Spearman |
| 13:05 | Create | Spearman |
| 13:06 | Create | Spearman |
| 13:53 | Create | Villager (Male) |
| 14:02 | Create | Villager (Male) |
| 14:14 | Build | Mining Camp |
| 14:31 | Create | Demolition Raft |
| 14:36 | Create | Fishing Ship |
| 14:37 | Create | Fishing Ship |
| 15:00 | Create | Fishing Ship |
| 15:00 | Create | Fishing Ship |
| 15:18 | Create | Villager (Male) |
| 15:29 | Build | Farm |
| 15:52 | Build | Farm |
| 16:17 | Build | Farm |
| 16:31 | Create | Villager (Male) |
| 16:44 | Build | House |
| 16:46 | Build | House |
| 16:48 | Build | House |
| 16:49 | Build | House |
| 16:51 | Build | House |
| 16:52 | Build | House |
| 16:59 | Research | Horse Collar |
| 17:00 | Research | Double-Bit Axe |
| 17:05 | Research | Wheelbarrow |
| 17:32 | Create | Villager (Male) |
| 17:50 | Create | Villager (Male) |
| 18:30 | Build | Archery Range |
| 18:35 | Build | Farm |
| 18:47 | Build | Farm |
| 19:51 | Build | Farm |
| 20:07 | Build | Blacksmith |
| 20:10 | Create | Villager (Male) |
| 20:11 | Create | Villager (Male) |
| 20:36 | Build | House |
| 20:41 | Build | Farm |
| 20:58 | Create | Villager (Male) |
| 21:00 | Research | Castle Age |
| 21:00 | Research | Castle Age |
| 21:04 | Build | Farm |
| 21:15 | Research | Gold Mining |
| 21:15 | Research | Stone Mining |
| 21:28 | Create | Skirmisher |
| 21:28 | Create | Skirmisher |
| 21:28 | Create | Skirmisher |
| 21:29 | Create | Skirmisher |
| 21:42 | Build | Farm |
| 21:50 | Research | Padded Archer Armor |
| 22:47 | Create | Villager (Male) |
| 23:09 | Create | Villager (Male) |
| 23:41 | Create | Galley |
| 23:42 | Create | Galley |
| 23:50 | Research | Fletching |
| 23:55 | Create | Skirmisher |
| 23:55 | Create | Skirmisher |
| 23:56 | Create | Skirmisher |
| 23:57 | Create | Skirmisher |
| 23:57 | Create | Skirmisher |
| 23:57 | Create | Skirmisher |
| 23:59 | Create | Skirmisher |
| 23:59 | Create | Skirmisher |
| 23:59 | Create | Skirmisher |
| 24:05 | Age | Castle Age |
| 24:13 | Create | Villager (Male) |
| 24:28 | Build | Town Center |
| 24:46 | Build | Castle |
| 24:49 | Create | Villager (Male) |
| 25:05 | Create | Villager (Male) |
| 25:36 | Research | Elite Skirmisher (upgrade) |
| 25:45 | Create | Villager (Male) |
| 25:48 | Create | Villager (Male) |
| 25:49 | Create | Villager (Male) |
| 25:49 | Create | Villager (Male) |
| 25:50 | Create | Villager (Male) |
| 25:50 | Create | Villager (Male) |
| 25:50 | Create | Villager (Male) |
| 25:51 | Create | Villager (Male) |
| 25:51 | Create | Villager (Male) |
| 25:52 | Create | Villager (Male) |
| 25:54 | Build | Farm |
| 26:16 | Build | Farm |
| 26:21 | Create | Villager (Male) |
| 26:22 | Create | Villager (Male) |
| 26:22 | Create | Villager (Male) |
| 26:23 | Create | Villager (Male) |
| 26:38 | Build | Town Center |
| 26:41 | Create | Villager (Male) |
| 26:54 | Create | Villager (Male) |
| 27:15 | Build | Farm |
| 27:36 | Build | Farm |
| 27:38 | Create | Villager (Male) |
| 27:38 | Create | Villager (Male) |
| 27:40 | Create | Villager (Male) |
| 27:52 | Build | Siege Workshop |
| 27:56 | Build | Farm |
| 28:03 | Create | Villager (Male) |
| 28:03 | Create | Villager (Male) |
| 28:04 | Create | Villager (Male) |
| 28:29 | Build | Farm |
| 28:36 | Create | Villager (Male) |
| 28:36 | Create | Villager (Male) |
| 28:37 | Create | Villager (Male) |
| 28:37 | Create | Villager (Male) |
| 28:38 | Create | Villager (Male) |
| 28:44 | Build | Farm |
| 28:47 | Create | Scorpion |
| 28:47 | Create | Scorpion |
| 28:47 | Create | Scorpion |
Match timeline
| 4:21 | roy_is_back001 · first_building Dock |
| 6:42 | marciano.gazu · first_building Dock |
| 7:50 | The Notorious N.I.C · first_building Dock |
| 8:38 | titobr6 · first_building Barracks |
| 9:08 | madagascart · first_building Dock |
| 10:06 | 我真的不是周杰伦 · age_up feudal |
| 10:56 | roy_is_back001 · age_up feudal |
| 11:02 | The Notorious N.I.C · age_up feudal |
| 11:14 | armimen56 · age_up feudal |
| 11:17 | marciano.gazu · first_building Barracks |
| 11:24 | 我真的不是周杰伦 · wall_segment Stone Wall x5 |
| 11:38 | 我真的不是周杰伦 · wall_segment Stone Wall x9 |
| 11:51 | titobr6 · age_up feudal |
| 11:55 | The Notorious N.I.C · wall_segment Palisade Wall x8 |
| 12:15 | titobr6 · wall_segment Stone Wall x3 |
| 12:19 | titobr6 · wall_segment Stone Wall x10 |
| 12:27 | marciano.gazu · age_up feudal |
| 12:43 | titobr6 · first_building Archery Range |
| 13:44 | roy_is_back001 · first_building Barracks |
| 14:37 | madagascart · first_market_buy 100 food |
| 14:42 | armimen56 · first_building Barracks |
| 15:19 | roy_is_back001 · first_market_sell 100 wood |
| 15:30 | madagascart · first_building Barracks |
| 16:07 | The Notorious N.I.C · first_market_sell 100 wood |
| 16:12 | FadedButtons · first_market_buy 100 food |
| 16:28 | armimen56 · first_building Stable |
| 16:31 | The Notorious N.I.C · first_building Barracks |
| 18:09 | madagascart · first_building Castle |
| 18:10 | roy_is_back001 · age_up castle |
| 18:30 | marciano.gazu · first_building Archery Range |
| 18:34 | 我真的不是周杰伦 · first_building Stable |
| 18:41 | The Notorious N.I.C · wall_segment Palisade Wall x16 |
| 18:45 | The Notorious N.I.C · wall_segment Palisade Wall x1 |
| 18:53 | The Notorious N.I.C · age_up castle |
| 18:59 | armimen56 · wall_segment Stone Wall x13 |
| 19:10 | madagascart · first_building Archery Range |
| 19:29 | 我真的不是周杰伦 · first_building Dock |
| 19:34 | The Notorious N.I.C · first_building Monastery |
| 20:39 | roy_is_back001 · first_building Archery Range |
| 20:40 | 我真的不是周杰伦 · age_up castle |
| 20:55 | titobr6 · first_market_sell 100 wood |
| 21:04 | titobr6 · first_market_buy 100 food |
| 21:21 | 我真的不是周杰伦 · first_market_buy 100 stone |
| 21:31 | armimen56 · age_up castle |
| 21:56 | The Notorious N.I.C · first_building Castle |
| 23:26 | roy_is_back001 · first_building Stable |
| 23:41 | madagascart · first_building Siege Workshop |
| 23:51 | titobr6 · age_up castle |
| 24:05 | marciano.gazu · age_up castle |
| 24:37 | The Notorious N.I.C · wall_segment Stone Wall x8 |
| 24:46 | marciano.gazu · first_building Castle |
| 24:54 | titobr6 · first_building Monastery |
| 25:31 | madagascart · first_market_sell 100 wood |
| 25:40 | FadedButtons · first_building Castle |
| 26:37 | armimen56 · first_building Castle |
| 27:08 | The Notorious N.I.C · first_building Stable |
| 27:20 | 我真的不是周杰伦 · first_building Castle |
| 27:35 | FadedButtons · first_building Dock |
| 27:52 | marciano.gazu · first_building Siege Workshop |
| 27:54 | The Notorious N.I.C · wall_segment Stone Wall x4 |
| 28:08 | The Notorious N.I.C · wall_segment Stone Wall x2 |
| 28:27 | 我真的不是周杰伦 · first_building Siege Workshop |
| 29:54 | roy_is_back001 · resign |
| 30:56 | titobr6 · first_building Castle |
| 31:03 | FadedButtons · first_building Monastery |
| 31:41 | The Notorious N.I.C · wall_segment Stone Wall x11 |
| 34:33 | The Notorious N.I.C · wall_segment Stone Wall x17 |
| 34:38 | The Notorious N.I.C · wall_segment Stone Wall x4 |
| 34:53 | FadedButtons · first_market_sell 500 wood |
| 34:55 | marciano.gazu · first_building Stable |
| 36:06 | marciano.gazu · age_up imperial |
| 36:12 | titobr6 · wall_segment Stone Wall x4 |
| 37:01 | 我真的不是周杰伦 · first_building Monastery |
| 37:26 | 我真的不是周杰伦 · age_up imperial |
| 38:36 | titobr6 · wall_segment Stone Wall x16 |
| 40:48 | armimen56 · age_up imperial |
| 41:00 | The Notorious N.I.C · age_up imperial |
| 41:51 | titobr6 · first_building Stable |
| 44:11 | The Notorious N.I.C · wall_segment Stone Wall x4 |
| 44:25 | titobr6 · age_up imperial |
| 44:42 | FadedButtons · first_building Barracks |
| 45:00 | The Notorious N.I.C · wall_segment Stone Wall x7 |
| 45:38 | marciano.gazu · first_market_buy 100 wood |
| 46:43 | The Notorious N.I.C · first_building Archery Range |
| 49:35 | titobr6 · wall_segment Stone Wall x13 |
| 52:33 | titobr6 · wall_segment Stone Wall x4 |
| 53:40 | armimen56 · wall_segment Palisade Wall x10 |
| 57:35 | FadedButtons · first_building Siege Workshop |
| 59:46 | The Notorious N.I.C · first_building Siege Workshop |
| 59:47 | titobr6 · wall_segment Stone Wall x2 |
| 59:57 | titobr6 · wall_segment Stone Wall x13 |
| 61:27 | titobr6 · wall_segment Stone Wall x10 |
| 62:41 | armimen56 · first_market_sell 100 wood |
| 62:46 | armimen56 · first_market_buy 100 stone |
| 64:41 | titobr6 · wall_segment Stone Wall x8 |
| 71:58 | The Notorious N.I.C · first_market_buy 100 stone |
| 73:24 | armimen56 · first_building Archery Range |
| 74:09 | titobr6 · wall_segment Stone Wall x12 |
| 84:34 | titobr6 · wall_segment Stone Wall x5 |
| 85:40 | titobr6 · wall_segment Stone Wall x10 |
| 87:12 | armimen56 · tribute_sent a jugador 1 |
| 87:12 | armimen56 · tribute_sent a jugador 2 |
| 87:12 | armimen56 · tribute_sent a jugador 3 |
| 87:12 | armimen56 · tribute_sent a jugador 4 |
| 87:12 | armimen56 · tribute_sent a jugador 5 |
| 87:12 | armimen56 · tribute_sent a jugador 7 |
| 87:12 | armimen56 · tribute_sent a jugador 8 |
| 87:22 | titobr6 · wall_segment Palisade Wall x2 |
| 91:42 | titobr6 · wall_segment Stone Wall x5 |
| 91:48 | titobr6 · wall_segment Stone Wall x8 |
| 94:33 | The Notorious N.I.C · wall_segment Palisade Wall x8 |
| 96:50 | FadedButtons · first_building Archery Range |
| 97:53 | The Notorious N.I.C · wall_segment Stone Wall x27 |
| 99:17 | armimen56 · first_building Siege Workshop |
| 101:17 | 我真的不是周杰伦 · first_market_sell 100 wood |
| 103:59 | armimen56 · tribute_sent a jugador 1 |
| 103:59 | armimen56 · tribute_sent a jugador 2 |
| 103:59 | armimen56 · tribute_sent a jugador 3 |
| 103:59 | armimen56 · tribute_sent a jugador 4 |
| 103:59 | armimen56 · tribute_sent a jugador 5 |
| 103:59 | armimen56 · tribute_sent a jugador 7 |
| 103:59 | armimen56 · tribute_sent a jugador 8 |
| 106:41 | armimen56 · tribute_sent a jugador 1 |
| 106:41 | armimen56 · tribute_sent a jugador 2 |
| 106:41 | armimen56 · tribute_sent a jugador 3 |
| 106:41 | armimen56 · tribute_sent a jugador 4 |
| 106:41 | armimen56 · tribute_sent a jugador 5 |
| 106:41 | armimen56 · tribute_sent a jugador 7 |
| 106:41 | armimen56 · tribute_sent a jugador 8 |
| 107:47 | The Notorious N.I.C · wall_segment Stone Wall x13 |
| 135:38 | marciano.gazu · first_market_sell 100 wood |
| 136:56 | The Notorious N.I.C · wall_segment Palisade Wall x35 |
| 138:00 | armimen56 · wall_segment Palisade Wall x16 |
| 150:37 | The Notorious N.I.C · wall_segment Palisade Wall x4 |
| 152:09 | The Notorious N.I.C · wall_segment Palisade Wall x16 |
| 155:58 | The Notorious N.I.C · wall_segment Palisade Wall x13 |
[ AI ANALYSIS · 1 CREDIT ]
What really happened in this match?
Wolo.gg analyzes every decision: build order, eco, micro, common mistakes by bracket. Personalized analysis on WhatsApp or Discord in 30 seconds.
Civ guide
Armenians
Map guide
Highland
Perfil
Jugador #12372951